Map: Ultralove

Players

Serral - Winner!

  • Race: Zerg Zerg
  • Spawn Location: 1:00

Cure

  • Race: Terran Terran
  • Spawn Location: 7:00

VOD

Have the link to the VOD?

Description

Time

  • Played on: Sept. 7, 2025, 6:05 a.m.
  • Length: 17:03
Show
View Real Time Build Order
Export as new Build Order

Serral Zerg - Winner!

Build Orders: Hatch First 

Get SALT Encoding   

  12  0:00  Drone  
  13  0:08  Drone  
  14  0:14  Extractor  
  14  0:15  Drone  
  15  0:21  Overlord  
  15  0:40  Drone  
  16  0:45  Hatchery  
  16  0:49  Drone  
  16  0:53  Drone  
  16  0:56  Drone  
  18  1:07  Extractor  
  17  1:12  Spawning Pool  
  17  1:14  Drone  
  17  1:18  Drone  
  18  1:26  Drone  
  19  1:37  Drone  
  20  1:48  Drone  
  21  1:58  Queen x2  
  21  2:00  Zergling x4  
  27  2:09  Overlord  
  27  2:10  Drone  
  28  2:23  Hatchery  
  28  2:25  Drone  
  28  2:27  Drone  
  29  2:32  Drone  
  29  2:34  Drone  
  31  2:38  Metabolic Boost  
  31  2:46  Queen  
  33  2:52  Overlord  
  33  2:56  Drone x2  
  33  2:57  Drone  
  36  3:09  Overlord  
  36  3:10  Drone x4  
  40  3:13  Drone x2  
  40  3:15  Drone  
  43  3:23  Queen, Extractor  
  45  3:28  Queen  
  45  3:34  Drone x2  
  48  3:39  Queen  
  51  3:41  Overlord  
  51  3:44  Drone x2  
  51  3:46  Drone  
  54  3:49  Drone  
  54  3:50  Overlord  
  54  3:52  Drone  
  54  3:55  Zergling x4  
  57  4:00  Roach Warren  
  57  4:04  Overlord  
  57  4:06  Drone  
  57  4:09  Drone x3  
  61  4:12  Overlord  
  61  4:18  Drone x2  
  61  4:23  Overlord, Lair  
  63  4:27  Zergling x2  
  63  4:30  Zergling x2  
  65  4:31  Zergling x4  
  65  4:32  Zergling x2  
  65  4:33  Drone x3  
  65  4:35  Drone  
  72  4:39  Zergling x2, Overlord  
  72  4:40  Drone  
  72  4:41  Drone  
  72  4:43  Drone  
  77  4:45  Drone  
  77  4:49  Spore Crawler  
  77  4:54  Extractor  
  77  4:55  Extractor  
  77  4:57  Zergling x2  
  77  4:59  Drone x2  
  78  5:01  Drone  
  78  5:03  Overlord  
  78  5:05  Drone x5  
  78  5:06  Drone  
  85  5:10  Drone  
  85  5:14  Drone  
  86  5:17  Hatchery, Evolution Chamber x2  
  86  5:18  Overlord  
  86  5:19  Drone x3  
  86  5:21  Extractor, Drone  
  86  5:22  Glial Reconstitution  
  86  5:25  Overseer  
  86  5:28  Drone x2  
  88  5:30  Drone  
  88  5:32  Extractor  
  88  5:33  Extractor  
  88  5:35  Drone x3  
  90  5:37  Drone  
  90  5:40  Infestation Pit  
  90  5:43  Overlord  
  90  5:44  Drone  
  90  5:45  Zerg Ground Armor Level 1  
  90  5:47  Drone x6  
  97  5:52  Overlord  
  97  5:54  Zerg Melee Weapons Level 1  
  99  5:57  Roach  
  99  5:58  Roach  
  99  6:02  Roach  
  103  6:05  Roach x3  
  103  6:11  Roach x2  
  113  6:15  Baneling Nest, Drone x2  
  113  6:16  Drone  
  115  6:20  Drone  
  115  6:23  Hive  
  117  6:25  Drone x2  
  117  6:26  Overlord  
  117  6:27  Roach x2  
  117  6:32  Overlord, Roach x2  
  126  6:35  Queen  
  126  6:36  Roach  
  126  6:37  Extractor  
  129  6:41  Roach x2  
  129  6:42  Roach  
  135  6:48  Roach x2  
  135  6:53  Overlord  
  135  6:54  Zergling x14  
  142  6:58  Overlord  
  142  7:00  Centrifugal Hooks  
  146  7:01  Zergling x4  
  148  7:08  Zergling x6  
  148  7:11  Overlord x3  
  148  7:15  Ravager x4  
  155  7:17  Zergling x6  
  155  7:18  Hatchery  
  157  7:24  Overlord  
  157  7:26  Overlord  
  157  7:27  Zergling x16  
  163  7:36  Viper x2  
  163  7:37  Adrenal Glands  
  169  7:45  Zergling x2  
  169  7:46  Zergling x12  
  169  7:48  Zerg Ground Armor Level 2  
  176  7:54  Zergling x18  
  176  7:57  Zerg Melee Weapons Level 2  
  185  8:03  Zergling x6  
  187  8:12  Baneling x6  
  187  8:14  Baneling x7  
  187  8:16  Zergling x14  
  194  8:20  Baneling x5  
  194  8:24  Zergling x10  
  199  8:28  Baneling x6  
  199  8:35  Zergling x4  
  199  8:38  Zergling x2  
  199  8:39  Zergling x4  
  197  8:42  Zergling x4  
  197  8:45  Baneling  
  197  8:46  Baneling x5  
  198  8:52  Zergling x12  
  190  8:56  Zergling x2  
  190  8:57  Zergling x18, Hatchery  
  190  9:02  Zergling x8  
  194  9:04  Ravager x7  
  194  9:06  Baneling  
  192  9:12  Zergling x18  
  192  9:18  Zergling x4  
  192  9:21  Baneling x8  
  192  9:23  Zergling x6  
  177  9:31  Zergling x10  
  177  9:34  Zergling x4  
  164  9:39  Zergling x14  
  164  9:43  Baneling x4  
  164  9:45  Baneling x4  
  171  9:46  Zergling x2  
  171  9:49  Zergling x4  
  171  9:52  Zergling x12  
  180  10:01  Drone x4  
  180  10:02  Hatchery, Drone  
  180  10:03  Drone  
  180  10:05  Zerg Ground Armor Level 3  
  182  10:18  Zergling x26  
  182  10:19  Zergling x2  
  195  10:26  Zerg Melee Weapons Level 3  
  195  10:27  Ultralisk Cavern  
  194  10:28  Baneling  
  194  10:29  Baneling x2  
  194  10:31  Zergling x12  
  200  10:40  Baneling x9  
  200  10:54  Overlord  
  200  11:01  Pneumatized Carapace  
  198  11:11  Zergling x28  
  200  11:16  Chitinous Plating, Baneling  
  200  11:17  Baneling x2  
  198  11:31  Burrow, Spire  
  198  11:32  Baneling x5  
  196  11:35  Extractor x2, Drone x3  
  196  11:36  Drone x2, Spore Crawler  
  196  11:38  Baneling x2  
  198  11:43  Overlord  
  198  11:48  Spore Crawler  
  197  11:55  Drone x2  
  197  11:58  Hatchery  
  194  12:01  Zergling x12  
  194  12:05  Zergling x20  
  200  12:09  Baneling  
  200  12:10  Baneling x2  
  200  12:21  Overseer  
  200  12:28  Zergling x4  
  199  12:35  Baneling x10, Anabolic Synthesis  
  167  12:37  Zergling x26  
  167  12:40  Ultralisk x4, Zergling x24  
  167  12:43  Zerg Missile Weapons Level 1  
  196  12:45  Zergling x14  
  196  12:48  Baneling x8  
  188  12:55  Zergling x16  
  188  12:57  Overseer, Baneling  
  188  12:58  Baneling x3  
  191  13:04  Zergling x12  
  192  13:11  Zergling x12  
  198  13:13  Baneling  
  198  13:14  Baneling x4  
  193  13:21  Zergling x14  
  193  13:24  Viper  
  193  13:27  Zergling x8  
  178  13:36  Hatchery, Infestor x2  
  178  13:39  Infestor x2  
  172  13:45  Drone x4  
  176  13:48  Zergling x10  
  176  13:55  Zergling x12  
  187  13:59  Zerg Flyer Weapons Level 1  
  187  14:01  Baneling x9  
  187  14:06  Zergling x10  
  187  14:07  Spore Crawler  
  191  14:11  Neural Parasite  
  191  14:35  Extractor  
  191  14:37  Extractor  
  191  14:41  Hatchery  
Show
View Real Time Build Order
Export as new Build Order

Cure Terran 

Build Orders: Reaper Expand, Hellion Banshee 

Get SALT Encoding   

  12  0:00  SCV  
  13  0:12  SCV  
  14  0:16  Supply Depot  
  14  0:24  SCV  
  15  0:38  SCV  
  15  0:40  Barracks  
  15  0:42  Refinery  
  16  0:50  SCV  
  17  1:02  SCV  
  18  1:14  SCV  
  19  1:27  Orbital Command, Reaper  
  20  1:37  Command Center  
  20  1:44  Supply Depot  
  20  1:52  SCV  
  21  1:59  Marine  
  22  2:04  SCV  
  22  2:08  Factory  
  23  2:16  SCV  
  25  2:24  Barracks Reactor  
  25  2:29  SCV  
  25  2:37  Command Center  
  25  2:41  SCV  
  26  2:49  Orbital Command  
  26  2:53  SCV  
  26  2:57  Starport  
  27  3:05  SCV  
  28  3:06  Refinery  
  28  3:10  Hellion x2  
  32  3:15  SCV  
  32  3:17  Barracks Tech Lab, SCV  
  34  3:27  SCV  
  34  3:29  SCV  
  34  3:33  Hellion x2  
  40  3:41  SCV x2, Banshee  
  41  3:46  Marine  
  46  3:48  Orbital Command  
  46  3:53  SCV x2  
  48  3:59  Engineering Bay x2  
  48  4:04  Supply Depot  
  48  4:06  SCV x2  
  48  4:09  Barracks Tech Lab  
  50  4:12  Hellion x2  
  50  4:14  Orbital Command  
  54  4:19  SCV x2  
  56  4:27  Supply Depot  
  56  4:31  Terran Infantry Weapons Level 1  
  56  4:32  Terran Infantry Armor Level 1  
  56  4:33  SCV  
  56  4:34  SCV  
  58  4:38  Starport Reactor  
  58  4:39  Barracks  
  58  4:41  SCV  
  58  4:45  Barracks, SCV  
  59  4:46  SCV  
  59  4:48  Refinery, Marine  
  59  4:50  Refinery  
  59  4:51  Stimpack  
  62  4:53  SCV, Supply Depot  
  62  4:58  SCV x2  
  65  5:05  SCV  
  66  5:09  Marine  
  66  5:11  SCV x2  
  69  5:17  Supply Depot, SCV  
  69  5:21  Supply Depot  
  70  5:27  Starport Reactor  
  70  5:29  Barracks, SCV x2  
  70  5:30  SCV  
  70  5:35  Barracks  
  73  5:36  Marine x2  
  73  5:37  Marine x3  
  73  5:38  Siege Tank  
  73  5:41  SCV  
  73  5:42  SCV x2  
  84  5:47  Supply Depot, Armory  
  84  5:55  SCV x3  
  87  5:58  Refinery, Supply Depot  
  87  6:00  Marine x2  
  87  6:01  Marine x3  
  92  6:07  SCV x3  
  92  6:08  Medivac x2  
  92  6:10  Siege Tank  
  102  6:15  Refinery  
  102  6:17  Supply Depot  
  99  6:19  Barracks Reactor  
  99  6:22  Barracks Reactor  
  99  6:23  Supply Depot  
  99  6:26  Barracks x2  
  99  6:27  Barracks  
  99  6:34  Terran Infantry Weapons Level 2, Terran Infantry Armor Level 2  
  99  6:36  Marine x5  
  105  6:40  SCV x3  
  105  6:41  Combat Shield  
  107  6:47  Supply Depot  
  107  6:48  Siege Tank  
  107  6:49  Supply Depot  
  110  6:54  Marine x5  
  110  6:58  SCV x3  
  118  7:03  Marine x4  
  118  7:07  Medivac x2  
  126  7:10  SCV x3  
  126  7:12  Supply Depot  
  126  7:14  Supply Depot  
  129  7:16  Barracks Tech Lab x3  
  129  7:19  Marine x4, Marauder  
  135  7:25  Marine x4  
  135  7:26  Siege Tank  
  142  7:31  Supply Depot x2  
  142  7:34  Marauder x2  
  142  7:35  Marauder  
  148  7:37  Concussive Shells  
  148  7:39  Marine  
  148  7:40  Marauder  
  151  7:47  Marine x6  
  157  7:52  Medivac  
  157  7:53  Medivac, Marine  
  157  7:56  Marauder  
  164  7:58  Marine x2  
  164  8:02  Siege Tank  
  164  8:05  Marauder x2, Marine  
  171  8:08  Supply Depot  
  171  8:10  Supply Depot  
  171  8:12  Marine x2  
  172  8:14  Marine  
  172  8:15  Marine  
  172  8:16  Marine  
  172  8:17  Marauder x2  
  172  8:18  Marine  
  181  8:22  Supply Depot  
  181  8:29  Marine  
  181  8:30  Marauder x2, Marine x2  
  188  8:38  Marauder x2  
  188  8:39  Marine x4  
  191  8:46  Siege Tank  
  187  8:51  Marauder x2  
  187  8:53  Marine x2  
  187  8:59  Marauder  
  187  9:00  Marauder  
  177  9:12  Marauder  
  177  9:15  Marine x2  
  177  9:16  Marauder  
  155  9:18  Medivac, Siege Tank  
  155  9:19  Marine  
  161  9:24  Marine x2, Marauder  
  161  9:27  Marine x2  
  152  9:32  Marine  
  152  9:33  Marauder  
  131  9:39  Marauder x2  
  131  9:40  Marine  
  137  9:46  Terran Infantry Weapons Level 3  
  136  9:53  Terran Infantry Armor Level 3  
  136  10:01  Medivac x2  
  136  10:02  Marine x5, Marauder x2  
  136  10:05  Widow Mine  
  151  10:11  Marine x2, Marauder x2  
  151  10:12  Widow Mine  
  155  10:22  Marine x2  
  155  10:23  Marine x2  
  155  10:24  Marauder x2  
  155  10:27  Marine  
  164  10:29  Marauder  
  164  10:32  Marauder  
  164  10:33  Marauder  
  174  10:43  Widow Mine x2  
  174  10:44  Medivac x2, Marine x2  
  174  10:45  Marauder x2  
  174  10:48  Marine x4  
  188  10:51  Marauder  
  188  10:54  Marauder  
  192  10:57  Command Center  
  190  11:10  Marine x6  
  190  11:11  Marauder x3  
  181  11:14  Medivac  
  181  11:16  Marauder  
  181  11:21  Marauder  
  183  11:28  Marine  
  183  11:30  Marine x3  
  183  11:32  Marauder x2  
  191  11:34  Marine, Marauder  
  194  11:41  Widow Mine  
  196  11:53  Marine  
  197  12:01  Marine  
  197  12:08  Sensor Tower, Marine  
  197  12:09  Widow Mine  
  200  12:28  Marauder  
  200  12:31  Marine x2  
  200  12:33  Marine x2  
  200  12:34  Marauder, Liberator  
  200  12:35  Marauder x2  
  186  12:39  Marine x3  
  186  12:41  Liberator  
  186  12:42  Widow Mine x2  
  169  12:49  Marine  
  169  12:50  Marauder x2, Marine  
  169  12:51  Marine  
  172  12:55  Marauder  
  172  12:56  Marine, Marauder  
  172  12:57  Marine x3  
  169  13:07  Marine  
  169  13:08  Marine  
  169  13:09  Widow Mine x2, Marine  
  169  13:11  Marauder  
  180  13:16  Marine x2, Marauder  
  180  13:17  Marauder, Liberator  
  180  13:19  Marine, Marauder  
  150  13:27  Marine x2  
  150  13:28  Marauder  
  146  13:35  Marine  
  146  13:36  Marauder  
  146  13:38  Marine x2  
  146  13:39  Marine  
  134  13:47  Liberator  
  136  13:48  Widow Mine x2  
  136  13:50  Marauder  
  136  13:55  Marine, Marauder  
  142  13:56  Marauder, Marine  
  146  14:05  Marine x3  
  146  14:06  Marine, Marauder  
  152  14:12  Marauder  
  156  14:17  Marauder  
Tags
 
Add a new tag
Caveats
  • Supply blocks, unpowered buildings, or Contaminate may cause inaccurate times.
  • Supply counts are checked every 10 seconds.